 Dungeon Crawl Stone Soup version 0.26-a0-720-g2a1d101370 (webtiles) character file.

Game seed: 16186759072757119945

283 lunkers the Chopper (level 6, -8/49 HPs)
             Began as a Demonspawn Fighter on Nov 2, 2020.
             Mangled by Crazy Yiuf
             ... wielding a +2 quarterstaff of chaos
              (16 damage)
             ... on level 2 of the Dungeon on Nov 3, 2020.
             The game lasted 00:02:58 (2327 turns).

lunkers the Chopper (Demonspawn Fighter)            Turns: 2327, Time: 00:02:59

Health: -8/49      AC:  7    Str: 18    XL:     6   Next: 7%
Magic:  6/6        EV:  7    Int: 12    God:
Gold:   75         SH:  8    Dex: 12    Spells: 5/5 levels left

rFire    + . .     SeeInvis .   a - +0 war axe
rCold    . . .     Faith    .   c - +0 kite shield
rNeg     . . .     Spirit   .   b - +0 scale mail
rPois    .         Reflect  .   n - +0 helmet
rElec    .         Harm     .   (no cloak)
rCorr    .         Rampage  .   (no gloves)
MR       .....                  (no boots)
Stlth    ..........             (no amulet)
HPRegen  0.16/turn              (no ring)
MPRegen  0.10/turn              (no ring)

@: lethally poisoned (-8 -> -16)
A: fire resistance 1, big brain 1
a: no special abilities


You were on level 2 of the Dungeon.
You visited 1 branch of the dungeon, and saw 2 of its levels.

You collected 75 gold pieces.

Inventory:

Hand Weapons
 a - a +0 war axe (weapon)
Armour
 b - a +0 scale mail (worn)
 c - a +0 kite shield (worn)
 n - a +0 helmet (worn)
Scrolls
 g - 5 scrolls of identify {unknown}
 i - a scroll of fog {unknown}
 j - a scroll of amnesia {unknown}
 l - a scroll of magic mapping {unknown}
 m - a scroll of remove curse {unknown}
 p - a scroll of enchant weapon {unknown}
Potions
 d - a potion of stabbing {unknown}
 e - 2 potions of brilliance {unknown}
 f - a potion of invisibility {unknown}
 h - a potion of heal wounds {unknown}
 k - a potion of resistance {unknown}
 o - a potion of berserk rage {unknown}
 q - a potion of ambrosia {unknown}


   Skills:
 + Level 4.5 Fighting
 * Level 4.9 Axes
 - Level 2.6 Armour
 - Level 2.6 Shields


You had 5 spell levels left.
You didn't know any spells.
Your spell library was empty.

Dungeon Overview and Level Annotations

Branches:
Dungeon (2/15)

Altars:
Trog

Annotations:
D:2 Crazy Yiuf


Innate Abilities, Weirdness & Mutations

Your flesh is heat resistant. (rF+)
You have an unusually large brain. (Int +2)


Message History

Unknown command.
Your scale mail prevents you from hitting Crazy Yiuf.
Crazy Yiuf is severely wounded.
You feel sick. Crazy Yiuf barely misses you.
Unknown command.
Unknown command.
You hit Crazy Yiuf.
Crazy Yiuf is almost dead.
You feel sick.
Crazy Yiuf hits you with a +2 quarterstaff of chaos!
* * * LOW HITPOINT WARNING * * *
Unknown command.
Unknown command.
You barely miss Crazy Yiuf.
Crazy Yiuf is almost dead.
You feel sick.
Crazy Yiuf hits you with a +2 quarterstaff of chaos.
* * * LOW HITPOINT WARNING * * *
You are electrocuted!
You die...

#..# ####.#.....#.########
##.###....#####..........##
#........# ##..######..#
###.....## #### ##.#
#.....# #.# #.....#
♣♣♣♣♣##.## ##....# ###
♣♣♣.♣..#...# #.....#
#...#♣..♣.....).# #.....#
#...g@♣♣♣♣).....# #.....#
#)..#♣♣ ♣♣.#.)## ##....#
### ♣♣#### ##...# #####


You could see Crazy Yiuf.

Vanquished Creatures
  Sigmund (D:2)
  Jessica (D:2)
  Robin (D:2)
  An adder (D:2)
  2 dart slugs
  3 worms (D:2)
  2 leopard geckos (D:2)
  A ball python (D:2)
  5 bats
  2 giant cockroaches (D:2)
  10 goblins
  10 hobgoblins
  6 jackals
  7 kobolds
  2 frilled lizards
  3 rats (D:1)
57 creatures vanquished.

Vanquished Creatures (others)
  A plant (D:1)
1 creature vanquished.

Grand Total: 58 creatures vanquished

Notes
Turn   | Place    | Note
-------+----------+-------------------------------------------
     0 | D:1      | lunkers the Demonspawn Fighter began the quest for the Orb.
     0 | D:1      | Reached XP level 1. HP: 18/18 MP: 1/1
   305 | D:1      | Gained mutation: Your flesh is heat resistant. (rF+)
                  | [demonic ancestry]
   305 | D:1      | Reached XP level 2. HP: 24/24 MP: 2/2
   872 | D:1      | Gained mutation: You have an unusually large brain. (Int
                  | +2) [demonic ancestry]
   872 | D:1      | Reached XP level 3. HP: 29/29 MP: 3/3
  1105 | D:2      | Found a bloodstained altar of Trog.
  1148 | D:2      | Noticed Sigmund
  1158 | D:2      | Killed Sigmund
  1158 | D:2      | Reached XP level 4. HP: 5/37 MP: 4/4
  1158 | D:2      | Reached XP level 5. HP: 6/42 MP: 5/5
  1730 | D:2      | Noticed Robin
  1741 | D:2      | Killed Robin
  1896 | D:2      | Noticed Jessica
  1901 | D:2      | Killed Jessica
  1901 | D:2      | Reached XP level 6. HP: 49/49 MP: 6/6
  2181 | D:2      | Found a runed translucent door.
  2182 | D:2      | Noticed Crazy Yiuf
  2327 | D:2      | Mangled by Crazy Yiuf

Illustrated notes

Levels and vault maps discovered:
D:1:      kilobyte_arrival_exit_the_forest, layout_loops_ring
D:2:      layout_rooms, hangedman_decor_growths, trog_book,
          uniq_crazy_yiuf_cottage, uniq_sigmund, uniq_jessica, uniq_robin

Skill      XL: |  1  2  3 |
---------------+----------+-----
Axes           | 2 4 |  4.9
Fighting       | 4 |  4.5
Armour         | |  2.6
Shields        | |  2.6

Action                   |  1- 3 |  4- 6 || total
-------------------------+-------+-------++-------
Melee: War axe           |    77 |    72 ||   149
  Use: Potion            |     1 |     1 ||     2
Armor: Scale mail        |    38 |    29 ||    67
Dodge: Dodged            |    25 |    28 ||    53
Block: Kite shield       |    56 |    36 ||    92

Table legend: (Time is in decaauts)
 A = Elapsed time spent in this place.
 B = Non-inter-level travel time spent in this place.
 C = Inter-level travel time spent in this place.
 D = Time resting spent in this place.
 E = Time spent auto-exploring this place.
 F = Levels seen in this place.
 G = Mean time per level.
                   A        B        C        D        E       F      G
               +--------+--------+--------+--------+--------+-----+--------+
         Total |   2398 |   2342 |     56 |      0 |   1999 |   2 | 1199.0 |
       Dungeon |   2398 |   2342 |     56 |      0 |   1999 |   2 | 1199.0 |
               +--------+--------+--------+--------+--------+-----+--------+

Top non-repeatable levels by time:
     D:2: 1302 daAuts
     D:1: 1096 daAuts
